Map: Aura mortale LE

Players

HappyFiit - Winner!

  • Race: Zerg Zerg
  • League: Diamond
  • Spawn Location: 11:00

lorimbo

  • Race: Zerg Zerg
  • League: Diamond
  • Spawn Location: 5:00

VOD

Have the link to the VOD?

Description

Time

  • Played on: Oct. 27, 2020, 11:26 a.m.
  • Length: 7:41
Show
View Real Time Build Order
Export as new Build Order

HappyFiit Zerg - Winner!

Build Orders: Hatch First 

Get SALT Encoding   

  12  0:00  Drone  
  13  0:12  Overlord  
  13  0:17  Drone  
  14  0:33  Drone x2  
  16  0:48  Hatchery  
  15  0:51  Drone  
  15  0:56  Drone  
  17  0:59  Drone  
  18  1:10  Extractor  
  17  1:14  Spawning Pool  
  17  1:16  Drone  
  17  1:20  Drone  
  18  1:28  Drone  
  19  1:41  Drone  
  20  1:53  Drone, Evolution Chamber  
  20  2:01  Queen x2  
  20  2:02  Zergling x4  
  26  2:10  Overlord  
  26  2:17  Drone  
  26  2:19  Zerg Missile Weapons Level 1  
  26  2:21  Drone  
  28  2:28  Drone  
  29  2:36  Drone x2  
  31  2:43  Roach Warren  
  30  2:46  Queen  
  32  2:52  Evolution Chamber  
  31  2:59  Drone x3  
  34  3:05  Lair  
  34  3:10  Overlord  
  34  3:14  Drone  
  34  3:16  Drone  
  36  3:23  Overlord  
  36  3:29  Drone x4  
  36  3:32  Drone  
  36  3:34  Drone  
  42  3:36  Drone  
  42  3:41  Drone  
  44  3:44  Drone x3  
  44  3:48  Drone  
  48  3:52  Extractor  
  48  3:53  Extractor, Overlord  
  46  4:03  Drone x2  
  46  4:04  Drone  
  46  4:06  Overlord  
  46  4:09  Glial Reconstitution  
  49  4:19  Drone  
  49  4:22  Zerg Missile Weapons Level 2  
  50  4:36  Drone  
  50  4:37  Drone x3  
  54  4:39  Overlord  
  54  4:40  Extractor, Overlord x2  
  54  4:42  Zerg Ground Armor Level 1  
  54  4:43  Roach  
  54  4:44  Roach  
  57  4:54  Roach x2  
  57  4:55  Roach  
  63  5:06  Drone  
  64  5:07  Roach x4, Hatchery  
  64  5:13  Overlord  
  71  5:18  Roach  
  73  5:26  Roach x4  
  81  5:33  Roach x4  
  89  5:36  Overlord  
  89  5:40  Overlord  
  89  5:45  Roach  
  91  5:51  Burrow  
  91  5:53  Roach  
  93  5:59  Roach  
  93  6:00  Roach x5  
  93  6:03  Roach  
  107  6:10  Roach x2  
  111  6:19  Overlord  
  111  6:21  Roach x2  
  111  6:24  Roach x3  
  121  6:32  Overlord  
  121  6:33  Overlord x2  
  112  6:49  Roach x4  
  112  6:50  Roach x2  
  111  6:54  Roach x2  
  115  7:02  Roach x4  
  115  7:06  Roach x2  
  119  7:15  Roach x4  
  123  7:21  Roach  
  123  7:22  Roach  
Show
View Real Time Build Order
Export as new Build Order

lorimbo Zerg 

Build Orders: Hatch First 

Get SALT Encoding   

  12  0:00  Drone  
  13  0:12  Overlord  
  13  0:16  Drone  
  14  0:31  Drone x2  
  16  0:49  Hatchery  
  15  0:52  Drone  
  15  0:56  Drone  
  17  0:59  Drone  
  18  1:10  Extractor  
  17  1:15  Spawning Pool  
  17  1:17  Drone  
  17  1:21  Drone  
  18  1:28  Drone  
  19  1:41  Overlord  
  19  1:49  Drone  
  20  2:01  Zergling x2  
  20  2:02  Zergling x2  
  20  2:03  Queen  
  20  2:05  Queen  
  26  2:11  Drone  
  26  2:12  Drone  
  28  2:21  Metabolic Boost  
  29  2:22  Drone  
  29  2:29  Drone  
  30  2:43  Hatchery  
  29  2:47  Overlord  
  29  2:50  Drone  
  30  2:58  Drone x3  
  33  3:04  Baneling Nest  
  32  3:08  Evolution Chamber  
  31  3:15  Drone x3  
  34  3:21  Queen  
  36  3:29  Roach Warren  
  36  3:31  Drone  
  36  3:34  Drone  
  36  3:37  Drone x2  
  39  3:42  Drone x2  
  41  3:49  Spine Crawler  
  41  3:50  Zerg Missile Weapons Level 1  
  41  3:52  Drone  
  41  3:55  Drone  
  42  3:57  Drone  
  43  4:03  Drone x3  
  45  4:11  Drone x4  
  45  4:16  Extractor  
  48  4:17  Roach, Extractor  
  48  4:18  Overlord  
  49  4:28  Overlord x2  
  49  4:32  Lair  
  49  4:38  Roach  
  51  4:41  Zergling x10  
  51  4:42  Zergling x2  
  57  4:46  Overlord  
  57  4:50  Queen  
  59  5:02  Roach  
  59  5:03  Roach x4  
  69  5:13  Roach  
  69  5:14  Roach x4  
  79  5:24  Roach  
  79  5:27  Overlord  
  81  5:29  Glial Reconstitution, Overlord  
  81  5:35  Overlord  
  81  5:42  Evolution Chamber  
  80  5:43  Overlord  
  80  5:55  Roach  
  80  5:56  Roach x3, Zergling x2  
  80  5:57  Zergling x4  
  91  6:05  Zergling x2  
  91  6:06  Zergling x8  
  96  6:18  Roach, Zergling x2  
  98  6:19  Zergling x4  
  98  6:25  Roach x2  
  105  6:35  Roach x3, Zergling x2  
  105  6:36  Zergling x4  
  110  6:45  Roach x3  
  110  6:46  Zergling x2  
  102  6:52  Roach  
  102  6:53  Roach  
  87  6:59  Roach x2  
  87  7:00  Zergling x2  
  80  7:04  Roach  
  80  7:05  Roach  
  72  7:13  Roach  
  72  7:14  Roach x2, Zergling x2  
  67  7:21  Roach  
  67  7:22  Roach  
Tags
 
Add a new tag
Caveats
  • Supply blocks, unpowered buildings, or Contaminate may cause inaccurate times.
  • Supply counts are checked every 10 seconds.